AoeStats
← BeakedBasket526

Arena

510320012Analyzed
1v1 RM · 23h ago on Sep 30, 2026· 54m 13s· 2 players
Game mode
Random Map
Map size
Tiny (2 player)
Population
200
Speed
Normal
Resources
Standard
Victory
Conquest
Starting age
Dark Age
Ending age
Imperial Age
RankedLock teamsTeams togetherTeam positionsShared explorationLock speedFull tech treeHidden civsTurbo modeCheats
Victory
Defeat
🇫🇷 Japanese · France
441
+19
🇪🇸 Italians · Spain
502
-19
LyadozTv
5:11 Loom
5:49 Loom
11:56 Feudal Age
12:14 Man-at-Arms
12:41 Arson
12:44 Horse Collar
17:45 Double-Bit Axe
17:52 Gold Mining
17:52 Stone Mining
18:54 Wheelbarrow
18:04 Loom
18:25 Scale Mail Armor
22:50 Padded Archer Armor
22:41 Fletching
26:54 Castle Age
25:35 Scale Barding Armor
25:44 Bloodlines
26:38 Forging
28:49 Husbandry
29:12 Chain Barding Armor
29:08 Chain Mail Armor
29:31 Iron Casting
29:36 Bow Saw
30:20 Heavy Plow
32:56 Gold Shaft Mining
33:40 Yasama
38:03 Imperial Age
37:19 Treadmill Crane
37:12 Long Swordsman
37:37 Gambesons
38:11 Two-Handed Swordsman
40:46 Champion
41:03 Elite Samurai
42:20 Cavalier
44:42 Hand Cart
45:29 Two-Man Saw
46:10 Blast Furnace
BeakedBasket526
1:10 Loom
15:45 Feudal Age
16:28 Man-at-Arms
17:25 Double-Bit Axe
17:55 Horse Collar
25:52 Castle Age
23:51 Gold Mining
23:52 Stone Mining
27:07 Crossbowman
27:53 Thumb Ring
30:42 Stone Shaft Mining
33:09 Bow Saw
35:11 Wheelbarrow
40:38 Imperial Age
39:06 Heavy Plow
42:41 Chemistry
41:33 Heated Shot
42:12 Conscription
42:18 Capped Ram
43:55 Arson
45:26 Pikeman
46:07 Squires
Connection lost

Rejoining the realm…

Still unreachable

The connection could not be restored.

Session expired

The server has moved on; the page needs a fresh start.